 Dungeon Crawl Stone Soup version 0.31.0-12-g77e489cdc1 (webtiles) character file.

Game seed: 16164135674534370210

3425 112233 the Thaumaturge (level 9, -1/65 HPs)
             Began as a Mummy Necromancer on Feb 18, 2024.
             Slain by a gnoll
             ... wielding a +0 spear
             ... led by a gnoll bouda
              (5 damage)
             ... on level 6 of the Dungeon.
             The game lasted 00:10:25 (9518 turns).

112233 the Thaumaturge (Mummy Necromancer)          Turns: 9518, Time: 00:10:26

Health: -1/65      AC:  4    Str: 11    XL:     9   Next: 76%
Magic:  15/23      EV: 13    Int: 18    God:
Gold:   558        SH:  0    Dex: 13    Spells: 24/28 levels left

rFire   x . .        c - +4 short sword
rCold   + . .        (no shield)
rNeg    + + +        a - +0 robe
rPois   ∞            (no helmet)
rElec   .            (no cloak)
rCorr   .            x - +0 pair of gloves
SInv    .            i - +0 pair of boots
Will    +....        (no amulet)
Stlth   ++           (no ring)
HPRegen 0.30/turn    (no ring)
MPRegen 0.18/turn

%: faith
@: no status effects
A: cold resistance 1, negative energy resistance 3, torment resistance 2, heat
vulnerability 1, in touch with death 1, no potions, faith
a: no special abilities


You were on level 6 of the Dungeon.
You visited 2 branches of the dungeon, and saw 10 of its levels.

You collected 558 gold pieces.

Inventory:

Hand Weapons
 c - a +4 short sword (weapon)
 n - a +0 dagger of venom
 r - a +0 arbalest
 v - a +0 short sword
Missiles
 h - 63 poisoned darts
 j - 2 throwing nets
 y - 4 curare-tipped darts (quivered)
Armour
 a - a +0 robe (worn)
 i - a +0 pair of boots (worn)
 q - the +1 ring mail "Icsen" {Will++ Regen+ Dex-4 SInv}
   (You found it on level 6 of the Dungeon)

   Dex-4:     It affects your dexterity (-4).
   Will++:    It greatly increases your willpower.
   SInv:      It lets you see invisible.
   Regen+:    It increases your rate of health regeneration.
 s - a +0 buckler
 x - a +0 pair of gloves (worn)
Magical Staves
 e - a staff of alchemy
Wands
 f - a wand of roots (2)
 p - a wand of polymorph (8)
Scrolls
 b - 2 scrolls of teleportation {unknown}
 d - a scroll of noise
 g - a scroll of amnesia {unknown}
 k - a scroll of torment {unknown}
 l - 5 scrolls of identify
 m - 2 scrolls of vulnerability {unknown}
 o - a scroll of brand weapon
 t - 2 scrolls of blinking {unknown}
 u - a scroll of revelation {unknown}
 w - 2 scrolls of enchant weapon
 z - a scroll of fear


   Skills:
 + Level 4.2 Fighting
 + Level 4.2 Dodging
 - Level 2.1 Stealth
 + Level 3.4 Shields
 + Level 10.4 Spellcasting
 + Level 8.7 Necromancy


You had 24 spell levels left.
You knew the following spells:

 Your Spells              Type           Power      Damage    Failure   Level
a - Necrotise             Necr           100%       1d9       1%          1
b - Vampiric Draining     Necr           57%        2d10      1%          3

Your spell library contained the following spells:

 Spells                   Type           Power      Damage    Failure   Level
 Animate Dead             Necr           57%        N/A       1%          4
 Curse of Agony           Necr           57%        N/A       6%          5
 Freeze                   Ice            36%        1d5       8%          1
 Frozen Ramparts          Ice            18%        1d3       22%         3
 Hailstorm                Conj/Ice       9%         3d6       22%         3
 Tukima's Dance           Hex            9%         N/A       22%         3
 Dimensional Bullseye     Hex/Tloc       4%         N/A       58%         4
 Iskenderun's Mystic Bla  Conj/Tloc      9%         2d4       58%         4
 Summon Forest            Summ/Tloc      4%         N/A       91%         5
 Eringya's Noxious Bog    Alch           4%         4d6       100%        6
 Summon Hydra             Summ           4%         N/A       100%        7


Dungeon Overview and Level Annotations

Branches:
Dungeon (9/15)             Temple (1/1) D:6
   Lair: D:8-11         Orc: D:9-12

Altars:
Ashenzari
Cheibriados
Dithmenos
Fedhas
Hepliaklqana
Kikubaaqudgha
Makhleb
Nemelex Xobeh
Okawaru
Qazlal
Sif Muna
Uskayaw
Vehumet
Wu Jian
Xom
Yredelemnul

Shops:
D:8 (

Annotations:
D:5 exclusion: downstairs
D:6 exclusion: upstairs
D:9 Erica


Innate Abilities, Weirdness & Mutations

You are immune to poison.
Your flesh is cold resistant. (rC+)
You are immune to negative energy. (rN+++)
You are immune to unholy pain and torment.
You are vulnerable to heat. (rF-)
You are in touch with the powers of death.
You do not drink.
You have a special connection with the divine. (Faith)


Message History

Press: ? - help, Shift-Dir - straight line, f/p - gnoll bouda
Aim: a gnoll bouda, wielding a +0 club and wearing a +0 robe (heavily wounded, chance to affect: 83%)
You feel a surge of power!
The gnoll bouda barely resists.
Casting: Necrotise (safe; 1% risk of failure)
Confirm with . or Enter, or press ? or * to list all spells.
Aiming: Necrotise (safe; 1% risk of failure)
Press: ? - help, Shift-Dir - straight line, f/p - gnoll bouda
Aim: a gnoll bouda, wielding a +0 club and wearing a +0 robe (heavily wounded, chance to affect: 83%)
You feel a surge of power!
The gnoll bouda writhes in agony.
Casting: Necrotise (safe; 1% risk of failure)
Confirm with . or Enter, or press ? or * to list all spells.
Aiming: Necrotise (safe; 1% risk of failure)
Press: ? - help, Shift-Dir - straight line, f/p - gnoll bouda
Aim: a gnoll bouda, wielding a +0 club and wearing a +0 robe (almost dead, chance to affect: 83%)
You feel a surge of power!
The gnoll bouda writhes in agony.
The gnoll bouda hits you with a +0 club!
* * * LOW HITPOINT WARNING * * *
Casting: Necrotise (safe; 1% risk of failure)
Confirm with . or Enter, or press ? or * to list all spells.
Aiming: Vampiric Draining (safe; 1% risk of failure)
Press: ? - help, Shift-Dir - straight line, f/p - gnoll bouda
Aim: a gnoll bouda, wielding a +0 club and wearing a +0 robe (almost dead)
You feel a surge of power!
You draw life force from the gnoll bouda!
You kill the gnoll bouda!
You feel life coursing into your body.
Aiming: Fastroot
Press: ? - help, Shift-Dir - straight line, f - vampire mosquito
Aim: a vampire mosquito The roots erupt in riotous growth!
Roots grab the vampire mosquito.
Roots grab the gnoll.
The grasping roots constrict the vampire mosquito.
The grasping roots constrict the gnoll!
You hear a shout! x2
The vampire mosquito bites you.
* * * LOW HITPOINT WARNING * * *
The vampire mosquito bites you.
* * * LOW HITPOINT WARNING * * *
The gnoll hits you from afar with a +0 spear.
You die...

##############
##
#...##.yg....#
#.
#.....@####''#
#####. #...####
~..S~~ #..##.
##.##
~~..~~~~##....
##.#
~~~y.~~~~~####.
###..#
~~gg..~~~~~~ #.
#...##
~gg~~..~~S~~~
#. #.#.#
~~~~~~..~~~~~~
#. #.### #. #.#
#.


You could see a vampire mosquito (rooted) and a gnoll (swift, rooted).

Vanquished Creatures
  Pikel (D:6)
  A kobold demonologist (D:8)
  Psyche (D:8)
  Sigmund (D:5)
  Edmund (D:5)
  An ice beast (D:5)
  2 sky beasts (D:8)
  3 phantoms
  10 kobold brigands (D:8)
  3 bullfrogs (D:7)
  A scorpion (D:6)
  A killer bee (D:8)
  2 bombardier beetles (D:5)
  A hound (D:5)
  2 jellies
  2 gnoll boudas
  An iguana (D:5)
  A sleepcap (D:7)
  2 orc wizards
  4 gnolls (D:7)
  6 adders
  5 shadow imps
  3 white imps
  A dart slug (D:1)
  17 orcs
  7 ball pythons
  7 endoplasms
  4 giant cockroaches
  8 goblins
  2 hobgoblins
  4 jackals (D:1)
  21 kobolds
  A quokka (D:4)
  2 bats
  3 frilled lizards (D:1)
  A jackal zombie (D:7)
  2 rats
135 creatures vanquished.

Vanquished Creatures (collateral kills)
  2 phantoms (D:7)
  A gnoll (D:7)
  2 orcs (D:7)
  A ball python (D:3)
6 creatures vanquished.

Vanquished Creatures (others)
  A white imp (D:6)
1 creature vanquished.

Grand Total: 142 creatures vanquished

Notes
Turn   | Place    | Note
-------+----------+-------------------------------------------
     0 | D:1      | 112233 the Mummy Necromancer began the quest for the Orb.
     0 | D:1      | Reached XP level 1. HP: 13/13 MP: 4/4
   347 | D:1      | Reached XP level 2. HP: 19/19 MP: 3/5
   387 | D:1      | Reached skill level 3 in Spellcasting
   617 | D:1      | Found a faded altar of an unknown god.
  1006 | D:1      | Reached XP level 3. HP: 24/24 MP: 3/7
  1010 | D:1      | Learned a level 3 spell: Vampiric Draining
  1890 | D:3      | Reached skill level 4 in Spellcasting
  1890 | D:3      | Reached XP level 4. HP: 25/30 MP: 3/10
  2505 | D:4      | Found a shimmering altar of Xom.
  2576 | D:4      | Reached skill level 5 in Spellcasting
  2581 | D:5      | Entered Level 5 of the Dungeon
  2778 | D:5      | Reached XP level 5. HP: 35/35 MP: 8/13
  2824 | D:5      | Noticed an ice beast
  3102 | D:5      | Noticed Edmund
  3138 | D:6      | Identified the +1 ring mail "Icsen" {Will++ Regen+ Dex-4
                  | SInv}
  3151 | D:5      | Found a shadowy altar of Dithmenos.
  3262 | D:5      | Noticed a phantom
  3310 | D:5      | Killed an ice beast
  3311 | D:5      | Reached skill level 6 in Spellcasting
  3311 | D:5      | Reached skill level 5 in Necromancy
  3311 | D:5      | Reached XP level 6. HP: 41/41 MP: 9/15
  4754 | D:5      | Noticed Sigmund
  4781 | D:5      | Killed Sigmund
  4782 | D:5      | Reached skill level 7 in Spellcasting
  4782 | D:5      | Reached XP level 7. HP: 35/46 MP: 1/17
  5083 | D:5      | Killed Edmund
  5886 | D:6      | Found a staircase to the Ecumenical Temple.
  5886 | D:6      | Noticed Pikel
  6081 | D:6      | Reached skill level 8 in Spellcasting
  6421 | D:7      | Reached XP level 8. HP: 28/52 MP: 6/20
  6825 | D:7      | Reached skill level 9 in Spellcasting
  6982 | D:7      | Reached skill level 1 in Fighting
  7094 | D:7      | Reached skill level 1 in Shields
  7741 | D:8      | Found Neugen's Antique Weapon Emporium.
  8000 | D:8      | Reached XP level 9. HP: 40/62 MP: 1/22
  8148 | D:8      | Noticed a kobold demonologist
  8150 | D:8      | Noticed a soul eater
  8154 | D:8      | Killed a kobold demonologist
  8274 | D:8      | Found a hazy altar of Hepliaklqana.
  8366 | D:8      | Noticed Psyche
  8377 | D:8      | Killed Psyche
  8554 | D:8      | Reached skill level 10 in Spellcasting
  9090 | D:9      | Noticed Erica
  9225 | D:6      | Killed Pikel
  9323 | Temple   | Entered the Ecumenical Temple
  9518 | D:6      | Slain by a gnoll

Illustrated notes

Levels and vault maps discovered:
D:1:      lemuel_arrival_cross, layout_loops_corners,
          hellmonk_ecumenical_altar_inner_sanctum
D:2:      layout_basic
D:3:      layout_basic
D:4:      layout_loops_ring, brannock_xom_greatest_gift,
          chequers_serial_rivers_large_a, hex_medium
D:5:      cheibrodos_helix_gallery, layout_layer_cave, grunt_dithmenos_shadows,
          nicolae_concentric_dashed_squares_wild, minmay_crossroads,
          uniq_sigmund, uniq_edmund
D:6:      kennysheep_big_flooded_room, layout_loops_ring, elyvilon_altar_5,
          minmay_temple_entry_drinking_statues, uniq_pikel
D:7:      layout_cave_pods, enter_ossuary_3
D:8:      layout_loops_ring, mainiacjoe_overflow_surrounded_room, serial_shops,
          nicolae_shop_rolling_square, special_room [special_room_kobold],
          uniq_psyche
D:9:      layout_rooms, mainiacjoe_overflow_brackets, kennysheep_little_box,
          special_room [special_room_bee], grunt_tough_drop, uniq_erica
Temple:   compressed_dpeg_circular_temple

Skill      XL: |  1  2  3  4  5  6  7  8  9 |
---------------+----------------------------+-----
Spellcasting   | 3 4 5 6 7 8 9 10 | 10.4
Stealth        | 2 |  2.1
Dodging        | 2 3 4 |  4.2
Necromancy     | 5 7 8 |  8.7
Fighting       | 2 4 |  4.2
Shields        | 2 3 |  3.4

Action                     |  1- 3 |  4- 6 |  7- 9 || total
---------------------------+-------+-------+-------++-------
  Melee: Unarmed           |     3 |       |       ||     3
         Staff             |     1 |     5 |    84 ||    90
         Short sword       |       |       |    64 ||    64
         Punch             |       |       |     1 ||     1
  Throw: Dart              |       |       |     1 ||     1
   Cast: Necrotise         |    61 |    67 |   142 ||   270
         Vampiric Draining |       |     2 |    40 ||    42
  Evoke: Wand              |       |     4 |    25 ||    29
    Use: Scroll            |       |       |     6 ||     6
   Stab: Paralysed         |       |     5 |    17 ||    22
         Distracted        |       |       |     2 ||     2
         Sleeping          |       |       |     1 ||     1
 Armour: Robe              |    10 |    10 |   161 ||   181
  Dodge: Dodged            |    15 |    11 |   152 ||   178
